 Dungeon Crawl Stone Soup version 0.26-a0-84-g8c18429211 (webtiles) character file.

Game seed: 5961264347228984088

79 MrRokkomies the Ducker (level 4, -2/23 HPs)
             Began as a Spriggan Abyssal Knight on June 18, 2020.
             Was a Follower of Lugonu.
             Killed from afar by an orc wizard (5 damage)
             ... with a magic dart
             ... on level 2 of the Dungeon.
             The game lasted 00:04:59 (2213 turns).

MrRokkomies the Ducker (Spriggan Abyssal Knight)    Turns: 2213, Time: 00:05:01

Health: -2/23      AC:  3    Str:  9    XL:     4   Next: 17%
Magic:  7/7        EV: 19    Int: 13    God:    Lugonu [*.....]
Gold:   27         SH:  0    Dex: 15    Spells: 3/3 levels left

rFire    . . .     SeeInvis +   a - +1 short sword
rCold    . . .     Gourm    .   (shield restricted)
rNeg     . . .     Faith    .   b - +0 robe
rPois    .         Spirit   .   (helmet restricted)
rElec    .         Reflect  .   h - +0 cloak
rCorr    .         Harm     .   (gloves unavailable)
MR       .....                  (boots unavailable)
Stlth    ++........             (no amulet)
HPRegen  0.07/turn              (no ring)
MPRegen  0.10/turn              (no ring)

@: invisible, very quick
A: very small, unfitting armour, see invisible, herbivore, speed 3, slow
metabolism 2
a: Depart the Abyss, Renounce Religion


You were on level 2 of the Dungeon.
You worshipped Lugonu.
Lugonu was aware of your devotion.
You were not hungry.

You visited 1 branch of the dungeon, and saw 2 of its levels.
You visited the Abyss 1 time.

You collected 27 gold pieces.

Inventory:

Hand Weapons
 a - a +1 short sword (weapon)
Armour
 b - a +0 robe (worn)
 h - a +0 cloak (worn)
Scrolls
 f - a scroll of amnesia
 g - a scroll of identify
Potions
 i - a potion of resistance
Comestibles
 c - a ration


   Skills:
 - Level 2.4 Fighting
 * Level 3.3 Short Blades
 + Level 4.2 Dodging
 + Level 2.2 Stealth
 * Level 2.9 Invocations


You had 3 spell levels left.
You didn't know any spells.
Your spell library was empty.

Dungeon Overview and Level Annotations

Branches:
Dungeon (2/15)

Altars:
Ashenzari
Nemelex Xobeh
Qazlal

Annotations:
D:2 Sigmund


Innate Abilities, Weirdness & Mutations

You are very small and have problems with some larger weapons.
You are too small for most types of armour.
You have supernaturally acute eyesight. (SInv)
You are a herbivore.
You cover ground extremely quickly.
You need to consume almost no food.


Message History

You hit the orc wizard.
The orc wizard is heavily wounded.
The orc wizard closely misses you.
You hit the orc wizard but do no damage.
The orc wizard is heavily wounded.
The orc wizard hits you with a +0 dagger.
You barely miss the orc wizard.
The orc wizard is heavily wounded.
The orc wizard closely misses you.
The orc wizard gestures at you while chanting.
The puff of flame misses you.
The orc wizard points at you and mumbles some strange words.
The magic dart hits you.
You fade into invisibility!
The orc wizard casts a spell at you. The magic dart hits you.
* * * LOW HITPOINT WARNING * * *
The orc wizard casts a spell at you. The magic dart hits you.
You die... ##### #.. #ooo#

#.# #.#@# #.# #.#.# #.#
########.#.####### #.#
#....o...#....)..# #.#
#...o...########.####.#####
#....o..#......#.#.........
#...o..........#.#.###..###
#..............#.#.# #..#
#.......#......#.#)# #..#


You could see 2 orc wizards and an orc.

Vanquished Creatures
  4 adders (D:2)
  A worm (D:2)
  A dart slug (D:2)
  A leopard gecko (D:2)
  An orc (D:2)
  A ball python (D:2)
  3 bats (D:1)
  3 giant cockroaches
  3 hobgoblins
  4 frilled lizards
  6 goblins
  5 kobolds
  5 rats
38 creatures vanquished.

Notes
Turn   | Place    | Note
-------+----------+-------------------------------------------
     0 | Abyss:1  | MrRokkomies the Spriggan Abyssal Knight began the quest for
                  | the Orb.
     0 | Abyss:1  | Reached XP level 1. HP: 11/11 MP: 3/3
    32 | Abyss:1  | Noticed an ancient zyme
    52 | Abyss:1  | Noticed a large abomination
    56 | Abyss:1  | Noticed a soul eater
    60 | Abyss:1  | Noticed a small abomination
    65 | Abyss:1  | Noticed a thrashing horror
    73 | D:1      | Escaped the Abyss
   494 | D:1      | Reached XP level 2. HP: 9/16 MP: 4/4
   871 | D:1      | Reached skill level 1 in Stealth
  1057 | D:1      | Reached * piety under Lugonu
  1262 | D:2      | Reached skill level 4 in Dodging
  1262 | D:2      | Reached XP level 3. HP: 13/19 MP: 5/5
  1387 | D:2      | Found a shattered altar of Ashenzari.
  1387 | D:2      | Found a sparkling altar of Nemelex Xobeh.
  1389 | D:2      | Found a stormy altar of Qazlal.
  1798 | D:2      | Noticed Sigmund
  2088 | D:2      | Reached XP level 4. HP: 23/23 MP: 7/7
  2213 | D:2      | Killed from afar by an orc wizard

Illustrated notes

Levels and vault maps discovered:
D:1:      nzn_arrival_crosshair, layout_loops_cross, hex_large
D:2:      layout_loops_ring, gammafunk_temple_overflow_claw, first_ration,
          serial_co_window_serial, co_window_paths_a, co_window_corner_a,
          co_window_paths_b, co_window_paths_b, co_window_corner_a,
          co_window_of_opportunity_a, co_window_corner_cb, co_window_corner_ca,
          co_window_corner_b, co_window_unsneaky_path_c, co_window_paths_c,
          co_window_corner_ca, glass_columns_b, glass_columns_a,
          glass_columns_b, glass_columns_b, glass_columns_b, uniq_sigmund

Skill      XL: |  1  2  3 |
---------------+----------+-----
Invocations    | 2 |  2.9
Stealth        | 1 2 |  2.2
Dodging        | 4 |  4.2
Short Blades   | 3 |  3.3
Fighting       | |  2.4

Action                   |  1- 3 |  4- 6 || total
-------------------------+-------+-------++-------
Melee: Short sword       |   127 |    22 ||   149
Invok: Depart the Abyss  |     1 |       ||     1
  Use: Scroll            |     4 |     1 ||     5
       Potion            |     3 |     1 ||     4
 Stab: Sleeping          |     5 |     1 ||     6
       Invisible         |     1 |       ||     1
       Distracted        |     1 |       ||     1
Armor: Robe              |    11 |     2 ||    13
Dodge: Dodged            |   103 |    14 ||   117

Table legend:
 A = Non-vault XP
 B = Vault XP
 C = Vault XP percentage of total XP
 D = Non-vault monster count
 E = Vault monster count
 F = Vault count percentage of total count
                 A         B        C        D         E       F
            +---------+---------+-------+---------+---------+-------
      Total |     114 |       0 |   0.0 |      38 |       0 |   0.0
            +---------+---------+-------+---------+---------+-------
        D:1 |      30 |       0 |   0.0 |      20 |       0 |   0.0
        D:2 |      84 |       0 |   0.0 |      18 |       0 |   0.0
            +---------+---------+-------+---------+---------+-------
